 Dungeon Crawl Stone Soup version 0.27.1 (webtiles) character file.

Game seed: 9381574608229304962

127 BOMJPIETVODKU the Magician (level 5, -3/38 HPs)
             Began as a Djinni Fire Elementalist on Aug 24, 2021.
             Slain by a kobold (4 damage)
             ... on level 3 of the Dungeon.
             The game lasted 00:09:38 (4184 turns).

BOMJPIETVODKU the Magician (DjFE)                   Turns: 4184, Time: 00:09:38

Health: -3/38      AC:  2    Str:  7    XL:     5   Next: 33%
Gold:   86         EV: 12    Int: 17    God:
                   SH:  0    Dex: 14

rFire    + + .     SeeInvis .   f - +0 dagger (venom)
rCold    x . .     Faith    .   (no shield)
rNeg     . . .     Spirit   .   a - +0 robe
rPois    ∞         Reflect  .   (no helmet)
rElec    .         Harm     .   (no cloak)
rCorr    .         Rampage  .   (no gloves)
Will     .....                  (boots unavailable)
Stlth    ++........             k - amulet of regeneration
HPRegen  1.12/turn              (no ring)
MPRegen  0.00/turn              (no ring)

@: flying
A: sickness immunity, fire resistance 2, cold vulnerability 1, float, innate
caster, hp casting, extra vitality 1
a: no special abilities


You were on level 3 of the Dungeon.
You visited 1 branch of the dungeon, and saw 3 of its levels.

You collected 86 gold pieces.

Inventory:

Hand Weapons
 c - a +0 dagger
 f - a +0 dagger of venom (weapon)
Armour
 a - a +0 robe (worn)
Jewellery
 k - an amulet of regeneration (around neck)
Scrolls
 d - a scroll of magic mapping
 e - a scroll of teleportation
 g - a scroll of noise
 h - 2 scrolls of fog
Potions
 i - a potion of attraction


   Skills:
 * Level 2.0 Fighting
 - Level 2.1 Dodging
 - Level 1.5 Stealth
 + Level 4.0 Spellcasting


You couldn't memorise any spells.
You knew the following spells:

 Your Spells              Type           Power      Damage    Failure   Level
a - Foxfire               Conj/Fire      68%        2x1d7     3%          1
b - Conjure Flame         Conj/Fire      17%        6-21      9%          3
c - Inner Flame           Hex/Fire       17%        N/A       9%          3
d - Sticky Flame          Conj/Fire      17%        2d4       30%         4
e - Fireball              Conj/Fire      8%         3d6       63%         5
f - Pain                  Necr           68%        1d7       3%          1
g - Corpse Rot            Necr/Air       N/A        N/A       4%          2
Your spell library was empty.

Dungeon Overview and Level Annotations

Branches:
Dungeon (3/15)

Altars:

Annotations:
D:3 H0rd4k's ghost, amateur BaSu


Innate Abilities, Weirdness & Mutations

You are immune to sickness and miasma.
You are immune to poison.
Your flesh is very heat resistant. (rF++)
You are vulnerable to cold. (rC-)
You float through the air rather than walking.
You learn spells naturally, not from books.
Your magical power is your life essence.
You have superior vitality. (+4 HP)


Message History

The adder barely misses you.
H0rd4k's ghost gestures wildly while chanting.
The river rat bites you.
Casting: Foxfire (safe; 3% risk of failure)
Confirm with . or Enter, or press ? or * to list all spells.
You conjure some foxfire!
The foxfire hits the river rat but does no damage.
The river rat is moderately wounded.
The adder bites you. The kobold misses you.
H0rd4k's ghost mumbles some strange words.
The foxfire hits the river rat.
The river rat is lightly wounded.
The river rat closely misses you.
Casting: Foxfire (safe; 3% risk of failure)
Confirm with . or Enter, or press ? or * to list all spells.
You conjure some foxfire!
The river rat disappears in a puff of smoke!
The foxfire hits the kobold.
The kobold is moderately wounded.
The adder bites you.
The kobold hits you with a +0 short sword.
* * * LOW HITPOINT WARNING * * *
H0rd4k's ghost hits you.
* * * LOW HITPOINT WARNING * * *
The adder barely misses you. The river rat bites you.
* * * LOW HITPOINT WARNING * * *
The foxfire hits the river rat.
The river rat is heavily wounded.
The adder bites you.
* * * LOW HITPOINT WARNING * * *
The kobold barely misses you. The bat hits you but does no damage.
The bat completely misses you.
The kobold hits you with a +0 short sword.
* * * LOW HITPOINT WARNING * * *
There is a transporter here.
You enter the transporter and appear at another place.
The bat hits you.
* * * LOW HITPOINT WARNING * * *
The kobold hits you with a +0 short sword.
You die...

..........<....?..#.###
#..##.#####..........<
#..#...........###.###
#....#########..# .#
##..##.......##.# .#
##..#8.......8#.##$###
#...#.........#.#....#
#...#........$#...#
#..§#....©...)#@..#
##..#......(r$#bK##
##.#......rWr#.##
#.#8.$...S.8#.#
#.##......§##.#
#..#########..#
##...........##
#####.###########
#....#.########.


You could see H0rd4k's ghost, an adder, a river rat (summoned), a bat
(summoned), a kobold and 2 rats.

Vanquished Creatures
  A gnoll (D:1)
  5 adders
  2 worms
  A dart slug (D:2)
  An orc (D:3)
  6 bats
  7 endoplasms
  3 giant cockroaches
  7 hobgoblins
  3 jackals (D:1)
  3 kobolds (D:1)
  2 quokkas (D:1)
  7 ball pythons
  3 frilled lizards
  6 goblins
  6 rats
63 creatures vanquished.

Vanquished Creatures (others)
  160 foxfires
160 creatures vanquished.

Grand Total: 223 creatures vanquished

Notes
Turn   | Place    | Note
-------+----------+-------------------------------------------
     0 | D:1      | BOMJPIETVODKU the Djinni Fire Elementalist began the quest
                  | for the Orb.
     0 | D:1      | Reached XP level 1. HP: 15/15 MP: 0/0
   939 | D:1      | Reached XP level 2. HP: 11/21 MP: 0/0
  1168 | D:1      | Reached skill level 1 in Fighting
  1168 | D:1      | Reached skill level 3 in Spellcasting
  1168 | D:1      | Reached XP level 3. HP: 8/27 MP: 0/0
  1168 | D:1      | Learned a level 1 spell: Pain
  2761 | D:2      | Reached XP level 4. HP: 27/32 MP: 0/0
  3654 | D:2      | Reached XP level 5. HP: 38/38 MP: 0/0
  3654 | D:2      | Learned a level 2 spell: Corpse Rot
  4129 | D:3      | Found a transporter.
  4129 | D:3      | Noticed H0rd4k's ghost (amateur BaSu)
  4131 | D:3      | Found a transporter.
  4176 | D:3      | Reached skill level 4 in Spellcasting
  4183 | D:3      | HP: 1/38 [kobold (3)]
  4184 | D:3      | Slain by a kobold

Illustrated notes

Levels and vault maps discovered:
D:1:      ncdulo_lavacross, layout_loops_ring, ebering_dispersal_statue_hall,
          minmay_tiny_reverse_x
D:2:      layout_basic, serial_rivers, chequers_serial_rivers_room_b,
          chequers_serial_rivers_micro_d, chequers_serial_rivers_micro_c,
          chequers_serial_rivers_large_a, hex_intersection
D:3:      layout_loops_ring, tgw_sif, shapermc_ecumenical_altar_totnotflames,
          gammafunk_ghost_arena

Skill      XL: |  1  2  3  4  5 |
---------------+----------------+-----
Fighting       | 1 2 |  2.0
Spellcasting   | 3 4 |  4.0
Dodging        | |  2.1
Stealth        | |  1.5

Action                   |  1- 3 |  4- 6 || total
-------------------------+-------+-------++-------
Melee: Unarmed           |    18 |       ||    18
       Dagger            |    40 |    17 ||    57
 Cast: Foxfire           |    54 |    52 ||   106
       Pain              |     4 |       ||     4
       Conjure Flame     |       |     2 ||     2
  Use: Scroll            |       |     6 ||     6
       Potion            |       |     1 ||     1
 Stab: Sleeping          |     4 |       ||     4
Armor: Robe              |    28 |     8 ||    36
Dodge: Dodged            |    79 |    33 ||   112
